 Dungeon Crawl Stone Soup version 0.29.1-1-gd02db6906a (webtiles) character file.

Game seed: 5363668434380437482

1672 MisterFreud the Cruncher (level 9, 0/68 HPs)
             Began as a Formicid Fighter on Oct 11, 2022.
             Was an Initiate of Yredelemnul.
             Killed from afar by an acid dragon (28 damage)
             ... with a splash of acid
             ... on level 12 of the Dungeon.
             The game lasted 00:07:45 (5842 turns).

MisterFreud the Cruncher (Formicid Fighter)         Turns: 5842, Time: 00:07:45

Health: 0/68       AC:  9    Str: 20    XL:     9   Next: 21%
Magic:  9/9        EV:  7    Int:  7    God:    Yredelemnul [......]
Gold:   354        SH:  6    Dex: 17    Spells: 8/8 levels left

rFire   . . .      SeeInvis +   a - +1 quarterstaff
rCold   . . .      Faith    .   c - +1 buckler
rNeg    + + .      Spirit   .   n - +1 chain mail "Qyffu" {+Inv rN+ Int-2}
rPois   .          Reflect  .   (helmet unavailable)
rElec   .          Harm     .   b - +0 cloak
rCorr   .          Rampage  .   (no gloves)
Will    +....                   (no boots)
Stlth   ..........              (no amulet)
HPRegen 0.21/turn               p - ring of positive energy
MPRegen 0.11/turn               i - ring of willpower

@: corroded
A: permanent stasis, dig shafts and tunnels, antennae 3, four strong arms
a: Dig, Shaft Self, Renounce Religion, Evoke Invisibility, Recall Undead Harvest


You were on level 12 of the Dungeon.
You worshipped Yredelemnul.
Yredelemnul was noncommittal.
You visited 1 branch of the dungeon, and saw 10 of its levels.

You collected 354 gold pieces.

Inventory:

Hand Weapons
 a - a +1 quarterstaff (weapon)
Missiles
 k - 7 poisoned darts
 o - 2 boomerangs
 q - 6 javelins
Armour
 b - a +0 cloak (worn)
 c - a +1 buckler (worn)
 n - the +1 chain mail "Qyffu" (worn) {+Inv rN+ Int-2}
   (You found it on level 5 of the Dungeon)

   Int:       It affects your intelligence (-2).
   rN:        It protects you from negative energy.
   +Inv:      It lets you turn invisible.
Jewellery
 i - a ring of willpower (right hand)
 p - a ring of positive energy (left hand)
Potions
 d - 2 potions of might
 e - a potion of brilliance
 f - 3 potions of lignification
 g - a potion of flight
 j - a potion of degeneration {unknown}
 l - a potion of haste {unknown}
 m - a potion of ambrosia {unknown}


   Skills:
 - Level 5.0 Fighting
 + Level 8.5 Staves
 - Level 8.0 Armour
 - Level 4.0 Shields


You had 8 spell levels left.
You didn't know any spells.
Your spell library contained the following spells:

 Spells                   Type           Power      Damage    Failure   Level
 Slow                     Hex            0%         N/A       99%         1
 Ensorcelled Hibernation  Hex/Ice        0%         N/A       100%        2
 Passwall                 Tmut/Erth      0%         N/A       100%        2
 Scorch                   Fire           0%         2d5       100%        2
 Confusing Touch          Hex            0%         N/A       100%        3
 Teleport Other           Tloc           0%         N/A       100%        3
 Vampiric Draining        Necr           0%         2d6       100%        3
 Fireball                 Conj/Fire      0%         3d3       100%        5
 Manifold Assault         Tloc           0%         N/A       100%        5
 Swiftness                Air            Unusable   N/A       N/A         3

Dungeon Overview and Level Annotations

Branches:
Dungeon (12/15)
 Temple: D:4-7         Lair: D:8-11         Orc: D:9-12

Altars:
Cheibriados
Yredelemnul

Shops:
D:2 (


Innate Abilities, Weirdness & Mutations

You cannot be hasted, slowed, berserked, paralysed or teleported.
You can dig through walls and to a lower floor.
You have a pair of large antennae on your head. (SInv)
Your four strong arms can wield two-handed weapons with a shield.


Message History

Unknown command.
Unknown command.
Unknown command.
Throw: 2 boomerangs
Press: ? - help, Shift-Dir - straight line, f - acid dragon
Aim: an acid dragon (62% to hit)
You throw a boomerang.
The boomerang barely misses the acid dragon.
The acid dragon spits acid at you. The splash of acid hits you!!
The acid corrodes you!
Unknown command.
The acid dragon barely misses you. You block the acid dragon's attack.
You hit the acid dragon but do no damage.
You block the acid dragon's attack.
The acid dragon claws you but does no damage.
You hit the acid dragon but do no damage.
The acid dragon spits acid at you. You block the splash of acid.
You barely miss the acid dragon. You closely miss the acid dragon.
The acid dragon bites you! You block the acid dragon's attack.
You barely miss the acid dragon. The acid dragon bites you!
* * * LOW HITPOINT WARNING * * *
You block the acid dragon's attack.
You hit the acid dragon.
The acid dragon is lightly wounded.
You block the acid dragon's attack.
The acid dragon claws you but does no damage.
It was a potion of curing.
You feel better. You block the acid dragon's attack.
The acid dragon claws you but does no damage.
You hit the acid dragon.
The acid dragon is lightly wounded.
The acid dragon bites you but does no damage.
You block the acid dragon's attack.
You hit the acid dragon but do no damage.
The acid dragon is lightly wounded.
The acid dragon spits acid at you. The splash of acid hits you!!
You die...
Your body rises from the dead as a mindless zombie.

....#.....#.
##...###....>.....
.................
...............
..^..........#
............#
##..# #......#
##..D# #.#...##
##...@### #.#.#
#...../.####..#
#.........?#..##
##............#
#####...##.###
##.###.# ### ###


You could see an acid dragon (catching breath).

Vanquished Creatures
  Grinder (D:5)
  Sigmund (D:2)
  Menkaure (D:4)
  A water moccasin (D:5)
  An ice beast (D:3)
  A black bear (D:5)
  A centaur (D:8)
  A necrophage (D:5)
  3 scorpions (D:5)
  A howler monkey (D:4)
  A gnoll bouda (D:8)
  2 hounds
  An orc wizard (D:3)
  An iguana (D:5)
  6 adders
  2 gnolls (D:8)
  5 river rats (D:5)
  2 white imps
  An ufetubus (D:4)
  5 worms
  2 dart slugs (D:3)
  11 orcs
  12 bats
  6 endoplasms
  6 giant cockroaches
  7 goblins
  9 hobgoblins
  7 jackals
  6 quokkas
  5 ball pythons
  7 frilled lizards
  7 kobolds
  8 rats
131 creatures vanquished.

Vanquished Creatures (collateral kills)
  A necrophage (D:4)
  A howler monkey (D:8)
  A jelly (D:5)
  An orc priest (D:4)
  A river rat (D:5)
  A dart slug (D:4)
  2 orcs (D:4)
  A hobgoblin (D:4)
  2 ball pythons (D:4)
  A kobold (D:4)
  A rat (D:5)
13 creatures vanquished.

Vanquished Creatures (others)
  A centaur zombie (D:8)
  A scorpion zombie (D:5)
  A howler monkey zombie (D:8)
  An adder zombie (D:5)
  3 gnoll zombies (D:8)
  A jelly zombie (D:5)
  2 spectral white imps
  3 river rat zombies (D:5)
  A ball python zombie (D:4)
  A jackal zombie (D:4)
  A quokka zombie (D:5)
  2 rat zombies (D:5)
  A spectral ufetubus (D:4)
19 creatures vanquished.

Grand Total: 163 creatures vanquished

Notes
Turn   | Place    | Note
-------+----------+-------------------------------------------
     0 | D:1      | MisterFreud the Formicid Fighter began the quest for the
                  | Orb.
     0 | D:1      | Reached XP level 1. HP: 18/18 MP: 1/1
   229 | D:1      | Reached XP level 2. HP: 24/24 MP: 2/2
   297 | D:1      | Found a faded altar of an unknown god.
   572 | D:1      | Reached XP level 3. HP: 29/29 MP: 3/3
  1038 | D:2      | Noticed Sigmund
  1067 | D:2      | Killed Sigmund
  1068 | D:2      | Reached XP level 4. HP: 34/35 MP: 4/4
  1068 | D:2      | Reached XP level 5. HP: 40/41 MP: 5/5
  1094 | D:2      | Reached XP level 6. HP: 45/47 MP: 6/6
  1330 | D:2      | Reached skill level 5 in Armour
  1348 | D:2      | Found Nimaw's Weapon Boutique.
  1774 | D:3      | Reached skill level 5 in Staves
  1862 | D:3      | Noticed an ice beast
  1879 | D:3      | Killed an ice beast
  2126 | D:3      | Got the Lessons on the Coals and Coordinates
  2144 | D:3      | Reached XP level 7. HP: 52/52 MP: 7/7
  2703 | D:3      | Identified the +0 pair of gloves of Riyfej {rC+ rCorr
                  | Dex+4}
  3083 | D:4      | Found a basalt altar of Yredelemnul.
  3161 | D:4      | Became a worshipper of Yredelemnul the Dark
  3253 | D:4      | Reached * piety under Yredelemnul
  3471 | D:4      | Found a snail-covered altar of Cheibriados.
  3492 | D:4      | Noticed Menkaure
  3502 | D:4      | Killed Menkaure
  3503 | D:4      | Reached XP level 8. HP: 43/58 MP: 8/8
  3763 | D:4      | Reached ** piety under Yredelemnul
  4111 | D:5      | Entered Level 5 of the Dungeon
  4111 | D:5      | Noticed Grinder
  4195 | D:5      | Identified the +1 chain mail "Qyffu" {+Inv rN+ Int-2}
  4550 | D:5      | Killed Grinder
  4551 | D:5      | Reached skill level 5 in Fighting
  4781 | D:5      | Reached XP level 9. HP: 68/68 MP: 9/9
  4798 | D:5      | Reached *** piety under Yredelemnul
  4899 | D:5      | You fall into a shaft and drop 3 floors!
  5201 | D:8      | You fall into a shaft and drop 2 floors!
  5201 | D:10     | Entered Level 10 of the Dungeon
  5387 | D:8      | Noticed a hornet
  5406 | D:8      | You fall into a shaft and drop 3 floors!
  5656 | D:11     | You fall into a shaft and drop 1 floor!
  5842 | D:12     | Killed from afar by an acid dragon

Illustrated notes

Levels and vault maps discovered:
D:1:      dpeg_chamrin_arrival_tetris, layout_loops_ring, basic_ecumenical_altar
D:2:      minmay_diamond_boxcup, layout_rooms, serial_shops, shop, uniq_sigmund
D:3:      layout_loops_ring
D:4:      layout_gridville, mainiacjoe_overflow_small_starburst,
          cheibriados_altar_1, cheibrodos_sewer_entry_bend, minivault_1,
          uniq_menkaure
D:5:      lemuel_ratsnest, layout_loops_corners, temple_fountains,
          chequers_serial_rivers_room_b, uniq_edmund, uniq_grinder
D:8:      cheibrodos_fzero, layout_loops_ring,
          grunt_temple_overflow_magic_moments, lemuel_round_altar,
          makhleb_blood_cavern_becter, uniq_joseph, uniq_grum
D:9:      minmay_the_grid_octo_triangle [minmay_the_grid_octo_toaster,
          minmay_the_grid_octo_prize_big_c, minmay_the_grid_octo_empty],
          layout_loops_cross, nicolae_ru_the_path_less_chosen, orc_0_dummy
D:10:     layout_loops_ring, nicolae_wu_jian_glorious_leap,
          gammafunk_temple_overflow_elements, serial_shops,
          nicolae_shop_competitors_out_of_business, lightli_fourway_metalbox,
          uniq_snorg
D:11:     minmay_separated_statues, layout_irregular_city, lair_entry_dummy,
          enter_trove_2, minmay_protected_statue
D:12:     layout_cave_pools

Skill      XL: |  1  2  3  4  5  6  7  8  9 |
---------------+----------------------------+-----
Staves         | 3 4 5 6 7 8 |  8.5
Armour         | 4 5 7 8 |  8.0
Fighting       | 5 |  5.0
Shields        | |  4.0

Action                   |  1- 3 |  4- 6 |  7- 9 || total
-------------------------+-------+-------+-------++-------
Melee: Quarterstaff      |    97 |   113 |   294 ||   504
Throw: Boomerang         |       |       |     1 ||     1
 Abil: Shaft Self        |       |       |     4 ||     4
  Use: Potion            |     1 |       |     1 ||     2
       Scroll            |       |     6 |     5 ||    11
Armor: Scale mail        |    43 |       |       ||    43
       Chain mail        |    32 |    57 |   150 ||   239
Dodge: Dodged            |    52 |    32 |    85 ||   169
Block: Buckler           |    33 |    26 |    72 ||   131
